[Event "US College Final 4-ch"]
[Site "New York"]
[Date "2015.03.28"]
[Round "2"]
[White "Kritz, Leonid"]
[Black "Robson, Ray"]
[Result "0-1"]
[ECO "B50"]
[WhiteElo "2583"]
[BlackElo "2656"]
[Annotator "Robot 1"]
[PlyCount "62"]
[EventDate "2015.??.??"]
[EventCountry "USA"]
[WhiteTeam "UT Dallas"]
[BlackTeam "Webster University"]
[TimeControl "5400+30"]

1. e4 c5 2. Nf3 d6 3. c3 Nf6 4. Bd3 g6 5. Bc2 Bg7 6. h3 e5 7. d4 cxd4 8.
cxd4 exd4 9. Nxd4 d5 10. exd5 O-O 11. O-O Nxd5 12. Bb3 Na6 13.
Nc3 Nxc3 14. bxc3 Nc5 15. Bc4 b6 16. Be3 Bb7 17. Qe2 Qc7 18.
Rfd1 a6 19. a4 Rfe8 20. Qb2 Ne4 21. Bf1 Nxc3 22. Rdc1 Rac8 23. Kh1 Be5 24. Nf3 Bxf3 25. gxf3 Qd7 26. Qb3 Qf5 27. f4 Bd4 28. Bxd4 Qe4+ 29. Kg1 Qxd4 30. Bxa6 Rc5 31. Bf1 Re2 0-1

[Event "US College Final 4-ch"]
[Site "New York"]
[Date "2015.03.28"]
[Round "2"]
[White "Le, Quang Liem"]
[Black "Margvelashvili, George"]
[Result "1-0"]
[ECO "E00"]
[WhiteElo "2676"]
[BlackElo "2618"]
[Annotator "Robot 1"]
[PlyCount "75"]
[EventDate "2015.??.??"]
[EventCountry "USA"]
[WhiteTeam "Webster University"]
[BlackTeam "UT Dallas"]
[TimeControl "5400+30"]

1. d4 e6 2. c4 Bb4+ 3. Nd2 c5 4. Ngf3 cxd4 5. Nxd4 Nf6 6. g3 Nc6 7. Nc2 Be7 8. Bg2 O-O 9. O-O b6 10. b4 Bb7 11. Bb2 d5 12. a3 dxc4 13.
Nxc4 Qc7 14. Rc1 Rad8 15. Qe1 b5 16. Nd2 Qb8 17. Nb3 Nd5 18.
Nc5 Ba8 19. Ne3 Nxe3 20. fxe3 Qb6 21. Qc3 e5 22. Rfd1 Bxc5 23.
bxc5 Qc7 24. Rd6 Rde8 25. Rcd1 Re7 26. Qd3 a6 27. Qf5 Na5 28.
Bxa8 Rxa8 29. Bxe5 Qxc5 30. Rd8+ Re8 31. R1d7 Qxe3+ 32. Kf1 Qc1+ 33. Kf2 Qc4 34. Qg5 Qc5+ 35. Kf1 Qf8 36. Rxe8 Rxe8 37. Bd6 h6 38. Qc5 1-0

[Event "US College Final 4-ch"]
[Site "New York"]
[Date "2015.03.28"]
[Round "2"]
[White "Nyzhnyk, Illya"]
[Black "Holt, Conrad"]
[Result "1/2-1/2"]
[ECO "D23"]
[WhiteElo "2622"]
[BlackElo "2530"]
[Annotator "Robot 1"]
[PlyCount "92"]
[EventDate "2015.??.??"]
[EventCountry "USA"]
[WhiteTeam "Webster University"]
[BlackTeam "UT Dallas"]
[TimeControl "5400+30"]

1. d4 d5 2. c4 c6 3. Nf3 Nf6 4. Qc2 dxc4 5. Qxc4 Bg4 6. Nbd2 Nbd7 7. g3 e6 8. Bg2 Be7 9. O-O O-O 10. Ne5 Bh5 11. Nxd7 Nxd7 12. Nb3 a5 13. a4 Qb6 14. e4 Rfd8 15. Be3 Qb4 16. Qc2 e5 17. f4 exd4 18.
Bxd4 Nf6 19. Bc3 Qb6+ 20. Kh1 Ng4 21. h3 Ne3 22. Qf2 Qxb3 23.
Qxe3 f6 24. e5 Bf7 25. exf6 Bxf6 26. Ra3 Qc2 27. Be4 Re8 28. Bxc2 Rxe3 29. Bxf6 Rxa3 30. bxa3 gxf6 31. Rb1 Rb8 32. Kg1 b5 33. axb5 cxb5 34. Kf2 b4 35. axb4 Rxb4 36. Rxb4 axb4 37. Ke3 Kg7 38. Bb1 Be6 39. Kd4 h5 40. f5 Bf7 41. Bd3 Kf8 42. Bc4 Bxc4 43. Kxc4 Ke7 44. Kxb4 Kd6 45. Kc4 Ke5 46. Kd3 Kxf5 {[%emt 0:00:09] Ke4+ Ke5+} 1/2-1/2

[Event "US College Final 4-ch"]
[Site "New York"]
[Date "2015.03.28"]
[Round "2"]
[White "Yotov, Valentin"]
[Black "Durarbayli, Yasif"]
[Result "0-1"]
[ECO "D90"]
[WhiteElo "2639"]
[BlackElo "2676"]
[Annotator "Robot 1"]
[PlyCount "78"]
[EventDate "2015.??.??"]
[EventCountry "USA"]
[WhiteTeam "UT Dallas"]
[BlackTeam "Webster University"]
[TimeControl "5400+30"]

1. d4 Nf6 2. c4 g6 3. Nc3 d5 4. Nf3 Bg7 5. h4 c6 6. Bg5 dxc4 7. e4 b5 8. e5 Nd5 9. h5 h6 10. Bd2 g5 11. a4 Nxc3 12. bxc3 Na6 13. Be2 Nc7 14. Qb1 Bg4 15. Bd1 Qd7 16. Bc2 a5 17. Nh2 Be6 18. O-O Nd5 19. Be4 O-O 20.
axb5 cxb5 21. f4 gxf4 22. Bxd5 Qxd5 23. Bxf4 b4 24. Qc1 Kh7 25. Qc2+ f5 26. exf6+ Bf5 27. Qd2 Bxf6 28. Nf3 Rg8 29. Rf2 Be4 30. Ne5 Raf8 31. Ng6 Bxg6 32. hxg6+ Rxg6 33. Be5 bxc3 34. Qc2 Bxe5 35. Rxf8 Bxd4+ 36. Kf1 Qh5 37. Qe4 Qh1+ 38.
Ke2 Qxg2+ 39. Qxg2 Rxg2+ 0-1

[Event "US College Final 4-ch"]
[Site "New York"]
[Date "2015.03.28"]
[Round "1"]
[White "Durarbayli, Yasif"]
[Black "Bregadze, Levan"]
[Result "1-0"]
[ECO "B65"]
[WhiteElo "2676"]
[BlackElo "2579"]
[Annotator "Robot 1"]
[PlyCount "51"]
[EventDate "2015.??.??"]
[EventCountry "USA"]
[WhiteTeam "Webster University"]
[BlackTeam "University Maryland"]
[TimeControl "5400+30"]

1. e4 c5 2. Nf3 d6 3. d4 cxd4 4. Nxd4 Nf6 5. Nc3 Nc6 6. Bg5 e6 7. Qd2 Be7 8. O-O-O O-O 9. f4 Nxd4 10. Qxd4 Qa5 11. e5 dxe5 12. Qxe5 Qc5 13. Be2 h6 14. Bh4 a6 15. Bf3 g5 16. Qxc5 Bxc5 17. fxg5 Be3+ 18. Kb1 hxg5 19. Bg3 g4 20. Be2 b5 21. Be5 Nd7 22. Bd6 f5 23.
Bxf8 Kxf8 24. h3 b4 25. hxg4 Nc5 26. Bf3 1-0

[Event "US College Final 4-ch"]
[Site "New York"]
[Date "2015.03.28"]
[Round "1"]
[White "Huschenbeth, Niclas"]
[Black "Le, Quang Liem"]
[Result "1/2-1/2"]
[ECO "B48"]
[WhiteElo "2536"]
[BlackElo "2676"]
[Annotator "Robot 1"]
[PlyCount "121"]
[EventDate "2015.??.??"]
[EventCountry "USA"]
[WhiteTeam "University Maryland"]
[BlackTeam "Webster University"]
[TimeControl "5400+30"]

1. e4 c5 2. Nf3 e6 3. d4 cxd4 4. Nxd4 Nc6 5. Nc3 Qc7 6. Be3 a6 7. Qf3 Nge7 8. Qg3 Qxg3 9. hxg3 Nxd4 10. Bxd4 b5 11. O-O-O Bb7 12. Bc5 Rc8 13. Bd6 Ng6 14. Bxf8 Nxf8 15. Rd4 e5 16. Rd6 Rc6 17. Rd2 Rc5 18. Nd5 Ne6 19. b4 Rc8 20.
Kb2 d6 21. c3 h5 22. Be2 g6 23. Ra1 Bc6 24. a4 bxa4 25. Bxa6 Rb8 26. Bc4 h4 27. Rh1 g5 28. f3 Bxd5 29. exd5 Nf8 30. Ka3 Ke7 31. Kxa4 Nd7 32. gxh4 Rhc8 33. Kb3 Nc5+ 34. Kc2 Na4 35. Kd3 Rc7 36. hxg5 Rbc8 37. Rh4 Nb6 38. Ba6 Rxc3+ 39. Ke2 Rg8 40. Rg4 Rb3 41. Bb5 Kf8 42.
Bc6 Ra3 43. Kf2 Kg7 44. Kg3 Rh8 45. Rh4 Rxh4 46. Kxh4 Rb3 47. b5 Rb4+ 48. Kh5 Nc8 49. Re2 Na7 50. Re4 Rb2 51. f4 Nxb5 52. Bxb5 Rxb5 53. fxe5 Rxd5 54. e6 fxe6 55. Rxe6 Re5 56. Rxe5 dxe5 57. Kh4 Kg6 58. Kg4 e4 59.
Kf4 e3 60. Kxe3 Kxg5 61. Kf3 1/2-1/2

[Event "US College Final 4-ch"]
[Site "New York"]
[Date "2015.03.28"]
[Round "1"]
[White "Akshayraj, Kore"]
[Black "Nyzhnyk, Illya"]
[Result "0-1"]
[ECO "C10"]
[WhiteElo "2472"]
[BlackElo "2622"]
[Annotator "Robot 1"]
[PlyCount "98"]
[EventDate "2015.??.??"]
[EventCountry "USA"]
[WhiteTeam "University Maryland"]
[BlackTeam "Webster University"]
[TimeControl "5400+30"]

1. e4 e6 2. d4 d5 3. Nc3 dxe4 4. Nxe4 Bd7 5. Nf3 Bc6 6. Bd3 Nd7 7. Qe2 Ngf6 8. O-O Be7 9. Ng3 Bxf3 10. Qxf3 c6 11. b3 O-O 12. Bb2 Qa5 13.
a3 Rfe8 14. Rfe1 Rad8 15. c4 Bf8 16. Rad1 Qg5 17. h3 g6 18.
Bc1 Qh4 19. Bf1 Bh6 20. Nf5 exf5 21. Rxe8+ Nxe8 22. g3 Qe7 23.
Bxh6 Qxa3 24. Qc3 Qd6 25. Qa5 Qb8 26. Bf4 Qa8 27. d5 Ndf6 28.
d6 b6 29. Qe5 Qc8 30. c5 Qe6 31. b4 Qxe5 32. Bxe5 bxc5 33. bxc5 Nd7 34. Bd4 Ng7 35. Be3 Ne6 36. Rc1 a5 37. Bg2 Rc8 38. Kf1 a4 39. Ke2 a3 40.
Kd3 a2 41. Kc4 Ra8 42. Bxc6 Ne5+ 43. Kd5 Nxc6 44. Kxc6 a1=Q 45.
Rxa1 Rxa1 46. Kd7 Ra7+ 47. Kc8 Ra8+ 48. Kb7 Rd8 49. Kc6 g5 {[%emt 0:05:22] Kd7}
0-1

[Event "US College Final 4-ch"]
[Site "New York"]
[Date "2015.03.28"]
[Round "1"]
[White "Robson, Ray"]
[Black "Ringoir, Tanguy"]
[Result "1-0"]
[ECO "C60"]
[WhiteElo "2656"]
[BlackElo "2526"]
[Annotator "Robot 1"]
[PlyCount "71"]
[EventDate "2015.??.??"]
[EventCountry "USA"]
[WhiteTeam "Webster University"]
[BlackTeam "University Maryland"]
[TimeControl "5400+30"]

1. e4 e5 2. Nf3 Nc6 3. Bb5 Nge7 4. O-O g6 5. c3 a6 6. Ba4 Bg7 7. d4 exd4 8.
cxd4 O-O 9. d5 Na5 10. Nbd2 c5 11. Rb1 b5 12. Bc2 b4 13. Re1 d6 14. b3 Re8 15. Nf1 Bd7 16. h3 Nc8 17. Ng3 Na7 18. Bg5 Qb6 19. Bd3 Nb5 20.
Bxb5 axb5 21. Qd2 Nb7 22. Bh6 f6 23. Bxg7 Kxg7 24. Re2 Nd8 25.
Nh4 Nf7 26. f4 Re7 27. Kh2 Rae8 28. Qb2 Qb8 29. Rbe1 Bc8 30. Re3 Nh6 31. Nf3 Nf7 32. Nh1 Bb7 33. R3e2 Qa8 34. Nf2 Qa3 35. Qa1 Bxd5 36. Ng4 1-0

[Event "US College Final 4-ch"]
[Site "New York"]
[Date "2015.03.28"]
[Round "1"]
[White "Holt, Conrad"]
[Black "Gorovets, Andrey"]
[Result "1-0"]
[ECO "D36"]
[WhiteElo "2530"]
[BlackElo "2518"]
[Annotator "Robot 1"]
[PlyCount "71"]
[EventDate "2015.??.??"]
[EventCountry "USA"]
[WhiteTeam "UT Dallas"]
[BlackTeam "Texas Tech University"]
[TimeControl "5400+30"]

1. d4 d5 2. c4 c6 3. Nf3 Nf6 4. Nc3 e6 5. Bg5 Nbd7 6. cxd5 exd5 7. e3 Be7 8.
Qc2 Nh5 9. Bxe7 Qxe7 10. Be2 g6 11. O-O O-O 12. Rae1 Nb6 13. Nd2 Ng7 14. Nb3 Bf5 15. Qc1 Ne8 16. Nc5 Nd6 17. f3 Rae8 18. Bd1 Qg5 19. Bb3 h5 20.
Re2 Nd7 21. Qe1 Nxc5 22. dxc5 Bd3 23. f4 Qg4 24. cxd6 Bxe2 25. Nxe2 Rxe3 26. Bd1 Rfe8 27. Qf2 Qd7 28. f5 Qxd6 29. fxg6 fxg6 30. Qf7+ Kh8 31. Nf4 Rg8 32. Bc2 Re4 33. Bxe4 dxe4 34. Ne6 Qe5 35. Qe7 Qxb2 36. Qg5 1-0

[Event "US College Final 4-ch"]
[Site "New York"]
[Date "2015.03.28"]
[Round "1"]
[White "Margvelashvili, George"]
[Black "Zherebukh, Yaroslav"]
[Result "1/2-1/2"]
[ECO "E92"]
[WhiteElo "2618"]
[BlackElo "2640"]
[Annotator "Robot 1"]
[PlyCount "80"]
[EventDate "2015.??.??"]
[EventCountry "USA"]
[WhiteTeam "UT Dallas"]
[BlackTeam "Texas Tech University"]
[TimeControl "5400+30"]

1. Nf3 Nf6 2. c4 g6 3. Nc3 Bg7 4. e4 d6 5. d4 O-O 6. h3 e5 7. d5 a5 8. Bg5 Na6 9. Nd2 Qe8 10. Be2 Nd7 11. Nb3 f6 12. Be3 Nac5 13. g4 a4 14. Nxc5 Nxc5 15. h4 f5 16. Bxc5 dxc5 17. g5 a3 18. b3 Qf7 19. Qd3 fxe4 20.
Nxe4 Qf4 21. Qe3 Bf5 22. Bd3 Rf7 23. Rd1 Raf8 24. Rd2 b6 25. Qxf4 exf4 26. Nf6+ Bxf6 27. Bxf5 gxf5 28. gxf6 Rxf6 29. Ke2 Re8+ 30.
Kf3 Re4 31. Re2 Rxe2 32. Kxe2 Rg6 33. Kf3 Kf7 34. Re1 Rh6 35. Rh1 Kf6 36. Kxf4 Rg6 37. Re1 Rg4+ 38. Kf3 Rxh4 39. Re6+ Kg5 40. Re7 Rh3+ {[%emt 0:02:51] Ke4} 1/2-1/2

[Event "US College Final 4-ch"]
[Site "New York"]
[Date "2015.03.28"]
[Round "1"]
[White "Moradiabadi, Elshan"]
[Black "Kritz, Leonid"]
[Result "1/2-1/2"]
[ECO "E11"]
[WhiteElo "2568"]
[BlackElo "2583"]
[Annotator "Robot 1"]
[PlyCount "99"]
[EventDate "2015.??.??"]
[EventCountry "USA"]
[WhiteTeam "Texas Tech University"]
[BlackTeam "UT Dallas"]
[TimeControl "5400+30"]

1. d4 e6 2. g3 d5 3. Nf3 Nf6 4. c4 Bb4+ 5. Bd2 Bxd2+ 6. Qxd2 c6 7. Bg2 O-O 8. O-O Nbd7 9. Rc1 dxc4 10. Rxc4 Qe7 11. Qb4 Qxb4 12. Rxb4 b6 13. Rc4 c5 14. dxc5 Nxc5 15. Ne5 Bb7 16. Bxb7 Nxb7 17. Nc3 Rfc8 18. Rd4 h6 19. Rad1 Na5 20. e4 Nc6 21. Nxc6 Rxc6 22. e5 Ne8 23.
Rd7 f6 24. exf6 Nxf6 25. Rb7 a6 26. Kf1 Kf8 27. Ke2 Re8 28. a4 a5 29. h3 Re7 30. Rd8+ Kf7 31. Rbb8 Rd7 32. Rbc8 Rxc8 33. Rxc8 Nd5 34. Nb5 Kf6 35. Rc6 g5 36. Nd4 Re7 37. Rc8 Rc7 38. Rh8 Kg7 39. Re8 Kf7 40. Rh8 Kg7 41. Rd8 Kf6 42. Kd3 Nb4+ 43. Ke4 Nc2 44. Nb5 Rc4+ 45. Kd3 Rc6 46. Rf8+ Kg7 47. Rb8 Kf6 48. Rf8+ Kg7 49. Rb8 Kf6 50. Ke4 {Ke5+}
1/2-1/2

[Event "US College Final 4-ch"]
[Site "New York"]
[Date "2015.03.28"]
[Round "1"]
[White "Shoker, Samy"]
[Black "Berczes, David"]
[Result "1-0"]
[ECO "A07"]
[WhiteElo "2466"]
[BlackElo "2509"]
[Annotator "Robot 1"]
[PlyCount "69"]
[EventDate "2015.??.??"]
[EventCountry "USA"]
[WhiteTeam "Texas Tech University"]
[BlackTeam "UT Dallas"]
[TimeControl "5400+30"]

1. g3 d5 2. Bg2 c6 3. Nf3 Bg4 4. d3 Nd7 5. Nbd2 Ngf6 6. h3 Bh5 7. O-O e5 8. Qe1 Bc5 9. Nb3 Bb6 10. e4 O-O 11. exd5 Nxd5 12. a3 Bxf3 13. Bxf3 f5 14. Kh2 Qc7 15. c4 N5f6 16. d4 e4 17. Bg2 Qd8 18. f3 Bc7 19. fxe4 fxe4 20. Bf4 Bxf4 21. Rxf4 Qb6 22. Qc3 c5 23. dxc5 Nxc5 24. Nxc5 Qxc5 25. b4 Qc7 26. Re1 Kh8 27. Bxe4 a5 28. b5 Rac8 29. Bg2 Qb6 30.
Re7 Rc7 31. Rxc7 Qxc7 32. c5 h6 33. b6 Qe7 34. Qxa5 Qe2 35.
Qc3 1-0

[Event "US College Final 4-ch"]
[Site "New York"]
[Date "2015.03.28"]
[Round "2"]
[White "Bregadze, Levan"]
[Black "Shoker, Samy"]
[Result "1-0"]
[ECO "B06"]
[WhiteElo "2484"]
[BlackElo "2466"]
[Annotator "Robot 1"]
[PlyCount "138"]
[EventDate "2015.??.??"]
[EventCountry "USA"]
[WhiteTeam "University Maryland"]
[BlackTeam "Texas Tech University"]
[TimeControl "5400+30"]

1. d4 g6 2. e4 Bg7 3. Nc3 d6 4. f4 a6 5. Nf3 b5 6. Bd3 Nd7 7. e5 Bb7 8. Be4 Qc8 9. Qe2 Nh6 10. a4 b4 11. Nd5 e6 12. exd6 exd5 13. Bxd5+ Kf8 14. Bxb7 Qxb7 15. Qe7+ Kg8 16. Qxd7 Qe4+ 17. Kd1 cxd6 18. Re1 Qd5 19. Re8+ Bf8 20. b3 Nf5 21. Re5 Ra7 22. Qxa7 dxe5 23. fxe5 a5 24. Bd2 h6 25. Kc1 Kh7 26. Kb2 Bg7 27. Qc5 Qxc5 28. dxc5 g5 29. Rf1 Kg6 30.
c3 Rd8 31. g4 bxc3+ 32. Kxc3 Ne7 33. Kc4 Nc6 34. Bc3 Bf8 35. e6 fxe6 36. Ne5+ Nxe5+ 37. Bxe5 Be7 38. Re1 Kf7 39. Bc3 Rc8 40. b4 axb4 41. Bxb4 Bd6 42. h3 Ke7 43. a5 Bc7 44. Rd1 e5 45. c6+ Ke6 46. a6 e4 47. Bc5 Bf4 48. a7 e3 49. Rd7 Kf6 50. Kd3 Ke6 51. Re7+ Kd5 52.
Bxe3 Kxc6 53. Bxf4 gxf4 54. Ke4 Kd6 55. Rh7 Rc4+ 56. Kf3 Ra4 57.
Rxh6+ Ke5 58. Rh5+ Kf6 59. Rh7 Kg5 60. h4+ Kg6 61. Rb7 Kf6 62.
g5+ Kf5 63. Rb5+ Kg6 64. Rb6+ Kf5 65. Rf6+ Ke5 66. Kg4 Ra1 67.
Rf5+ Ke6 68. Rxf4 Rxa7 69. h5 Kd5 1-0

[Event "US College Final 4-ch"]
[Site "New York"]
[Date "2015.03.28"]
[Round "2"]
[White "Gorovets, Andrey"]
[Black "Akshayraj, Kore"]
[Result "0-1"]
[ECO "A13"]
[WhiteElo "2518"]
[BlackElo "2472"]
[Annotator "Robot 1"]
[PlyCount "200"]
[EventDate "2015.??.??"]
[EventCountry "USA"]
[WhiteTeam "Texas Tech University"]
[BlackTeam "University Maryland"]
[TimeControl "5400+30"]

1. c4 e6 2. Nf3 b6 3. g3 Bb7 4. Bg2 c5 5. O-O d6 6. d4 cxd4 7. Qxd4 Qc7 8. Nc3 a6 9. Rd1 Nf6 10.
Be3 Nbd7 11. Ng5 Bxg2 12. Kxg2 Be7 13. Nge4 O-O 14. Nxd6 Rad8 15. Nde4 Ng4 16. Bf4 Qc6 17. f3 Nc5 18. Nd5 exd5 19. cxd5 Qg6 20. Nxc5 Bxc5 21. Qd3 Nh6 22. e4 a5 23. Qb5 f6 24. Bc7 Ng4 25.
Bxd8 Ne3+ 26. Kh1 Qh5 27. Qe2 Nxd1 28. Rxd1 Rxd8 29. Kg2 Bd6 30. Rd2 Qf7 31. f4 Qe7 32. Qf3 Rc8 33. Rf2 h6 34. Re2 Qc7 35.
Qg4 Re8 36. Kh3 Qf7 37. Qf3 Qd7+ 38. Kg2 Qa4 39. Qd3 Qd7 40. b3 Qe7 41. a4 Qc7 42. Rc2 Bc5 43. h4 Qd7 44. Qf3 Rd8 45. Rd2 Qe7 46. h5 Bd6 47.
Rc2 Qf7 48. Rd2 Rc8 49. Re2 Qc7 50. Qg4 Re8 51. Qg6 Qd7 52. Rc2 Bc5 53. Rd2 Bb4 54. Rd4 Bc5 55. Rd2 Kf8 56. Kh2 Bb4 57. Rf2 f5 58. e5 Qxd5 59.
Qxf5+ Qf7 60. Qxf7+ Kxf7 61. Rc2 Bc5 62. Rd2 Ke7 63. Kh3 Rf8 64.
Kg4 Ke6 65. Kf3 Bb4 66. Rc2 Kd5 67. Rc7 Rg8 68. Rd7+ Kc6 69. e6 Re8 70. f5 Bc3 71. g4 Bf6 72. Rf7 Kd5 73. Kf4 Re7 74. g5 Bxg5+ 75. Kg4 Ke5 76. Rf8 Rc7 77. Rb8 Rc1 78. Rxb6 Rg1+ 79. Kf3 Rf1+ 80. Ke2 Rxf5 81. b4 Kf6 82. b5 Re5+ 83. Kd3 Rxe6 84. Ra6 Ke5 85. b6 Re8 86.
Rxa5+ Kd6 87. Ra7 Kc6 88. a5 Re7 89. Ra8 Kb5 90. Ra7 Kc6 91.
Ra8 Bf4 92. Kd4 Bd6 93. Rc8+ Kb7 94. Rc4 Re5 95. Ra4 Rxh5 96.
a6+ Kxb6 97. Ra2 Ka7 98. Ke4 Re5+ 99. Kf3 Be7 100. Rg2 Bf6 0-1

[Event "US College Final 4-ch"]
[Site "New York"]
[Date "2015.03.28"]
[Round "2"]
[White "Ringoir, Tanguy"]
[Black "Moradiabadi, Elshan"]
[Result "1/2-1/2"]
[ECO "E21"]
[WhiteElo "2526"]
[BlackElo "2568"]
[Annotator "Robot 1"]
[PlyCount "82"]
[EventDate "2015.??.??"]
[EventCountry "USA"]
[WhiteTeam "University Maryland"]
[BlackTeam "Texas Tech University"]
[TimeControl "5400+30"]

1. d4 Nf6 2. c4 e6 3. Nc3 Bb4 4. Qc2 O-O 5. Nf3 d6 6. Bd2 b6 7. e3 Bb7 8.
Bd3 c5 9. dxc5 bxc5 10. a3 Ba5 11. O-O Nbd7 12. Rfd1 h6 13. Ne4 Bxd2 14. Rxd2 Nxe4 15. Bxe4 Bxe4 16. Qxe4 Nb6 17. Qc2 Qc7 18. e4 a5 19. a4 Ra6 20. Rad1 Nd7 21. h3 Nf6 22. Re2 Nd7 23. Red2 Qb8 24. Rd3 Rb6 25. b3 Nf6 26. Re1 Qc7 27. e5 dxe5 28. Nxe5 Rd8 29. Red1 Rbd6 30. Qc3 Rxd3 31. Rxd3 Rxd3 32. Nxd3 Nd7 33. Ne1 Ne5 34. Nd3 Nd7 35. Ne1 f5 36. g3 Ne5 37. Nf3 Nc6 38. Qd2 Nb4 39. Qe2 Qd6 40.
Ne5 Qd4 41. Nc6 Qd6 1/2-1/2

[Event "US College Final 4-ch"]
[Site "New York"]
[Date "2015.03.28"]
[Round "2"]
[White "Zherebukh, Yaroslav"]
[Black "Huschenbeth, Niclas"]
[Result "1-0"]
[ECO "A46"]
[WhiteElo "2640"]
[BlackElo "2536"]
[Annotator "Robot 1"]
[PlyCount "49"]
[EventDate "2015.??.??"]
[EventCountry "USA"]
[WhiteTeam "Texas Tech University"]
[BlackTeam "University Maryland"]
[TimeControl "5400+30"]

1. d4 Nf6 2. Nf3 e6 3. Bg5 c5 4. e3 h6 5. Bh4 cxd4 6. exd4 Qb6 7. b3 Nc6 8.
c3 d5 9. Nbd2 Nh5 10. b4 g5 11. b5 Ne7 12. Ne5 Ng7 13. Bg3 h5 14. Nec4 dxc4 15. Nxc4 Qd8 16. Nd6+ Kd7 17. Nxf7 Qa5 18. Qb3 Rg8 19. Bc4 g4 20.
O-O Nef5 21. Rae1 Ke7 22. Ng5 Qb6 23. Be5 Nd6 24. Bd3 Ngf5 25.
Nxe6 1-0

[Event "US College Final 4-ch"]
[Site "New York"]
[Date "2015.03.29"]
[Round "3"]
[White "Kritz, Leonid"]
[Black "Ringoir, Tanguy"]
[Result "1-0"]
[ECO "C60"]
[WhiteElo "2583"]
[BlackElo "2526"]
[Annotator "Robot 3"]
[PlyCount "53"]
[EventDate "2015.??.??"]
[EventCountry "USA"]
[WhiteTeam "UT Dallas"]
[BlackTeam "University Maryland"]
[TimeControl "5400+30"]

1. e4 e5 2. Nf3 Nc6 3. Bb5 Nge7 4. d4 exd4 5. Nxd4 g6 6. Nc3 Bg7 7. Be3 O-O 8. Qd2 d5 9. O-O-O Nxd4 10. Bxd4 c6 11. Bxg7 Kxg7 12. Qd4+ Kg8 13. Be2 Be6 14. h4 dxe4 15. Qe5 Qb8 16. Rd6 Nf5 17. Nxe4 Nxd6 18. Nf6+ Kh8 19. h5 g5 20. Nd7+ f6 21. Qxe6 Qc7 22. Nxf8 Rxf8 23. Rd1 Ne8 24. Rd7 Qe5 25. Qxe5 fxe5 26. h6 e4 27. Rd8 1-0

[Event "US College Final 4-ch"]
[Site "New York"]
[Date "2015.03.29"]
[Round "3"]
[White "Akshayraj, Kore"]
[Black "Holt, Conrad"]
[Result "0-1"]
[ECO "C42"]
[WhiteElo "2472"]
[BlackElo "2530"]
[Annotator "Robot 3"]
[PlyCount "44"]
[EventDate "2015.??.??"]
[EventCountry "USA"]
[WhiteTeam "University Maryland"]
[BlackTeam "UT Dallas"]
[TimeControl "5400+30"]

1. e4 e6 2. d4 d5 3. Nd2 Be7 4. Ngf3 Nf6 5. exd5 exd5 6. Bd3 Nc6 7. c3 O-O 8. O-O Bd6 9. Re1 Re8 10. Nf1 Bg4 11. Rxe8+ Qxe8 12. Ne3 Bh5 13. Bd2 Rd8 14. Qe2 Ne4 15. Nxd5 Bxf3 16. gxf3 Nxd2 17. Qxd2 Qe6 18. Ne3 Qh6 19. Kf1 Bxh2 20. Kg2 Qg5+ 21. Kh1 Rd6 22. Re1 Be5 0-1

[Event "US College Final 4-ch"]
[Site "New York"]
[Date "2015.03.29"]
[Round "3"]
[White "Kadric, Denis"]
[Black "Bregadze, Levan"]
[Result "1-0"]
[ECO "B46"]
[WhiteElo "2500"]
[BlackElo "2484"]
[Annotator "Robot 3"]
[PlyCount "69"]
[EventDate "2015.??.??"]
[EventCountry "USA"]
[WhiteTeam "UT Dallas"]
[BlackTeam "University Maryland"]
[TimeControl "5400+30"]

1. e4 c5 2. Nc3 a6 3. Nf3 e6 4. d4 cxd4 5. Nxd4 Nc6 6. Bf4 Bb4 7. Nxc6 bxc6 8.
Qd4 Bf8 9. e5 Ne7 10. Ne4 Nf5 11. Qd2 Qb6 12. c3 Be7 13. O-O-O Rb8 14. g4 Nh4 15. b3 Qa5 16. Nd6+ Bxd6 17. exd6 c5 18. Qb2 Bb7 19. Rg1 Bf3 20. Rd2 Ng6 21. Be3 c4 22.
Bxc4 Ne5 23. Bf1 O-O 24. Bd4 Nc6 25. Rg3 e5 26. Be3 Be4 27. f3 Bg6 28. h4 Rfc8 29. h5 Nd4 30. Bxd4 exd4 31. c4 Re8 32. Rgg2 Qg5 33. Be2 Bxh5 34. f4 Qg6 35. Bd1 1-0

[Event "US College Final 4-ch"]
[Site "New York"]
[Date "2015.03.29"]
[Round "3"]
[White "Shoker, Samy"]
[Black "Durarbayli, Yasif"]
[Result "0-1"]
[ECO "A07"]
[WhiteElo "2466"]
[BlackElo "2676"]
[Annotator "Robot 3"]
[PlyCount "108"]
[EventDate "2015.??.??"]
[EventCountry "USA"]
[WhiteTeam "Texas Tech University"]
[BlackTeam "Webster University"]
[TimeControl "5400+30"]

1. Nf3 c5 2. g3 Nc6 3. Bg2 g6 4. O-O Bg7 5. d3 d5 6. Nc3 Nf6 7. Bf4 O-O 8.
Ne5 Nd4 9. Bd2 Ne6 10. f4 d4 11. Nb5 Nd7 12. Nxd7 Bxd7 13. a4 Qc8 14. Qe1 Bc6 15. Qf2 a6 16. Na3 b5 17. Ba5 Rb8 18. h4 f5 19. Bf3 Qb7 20.
Qg2 Rfc8 21. Kh2 Bxf3 22. Rxf3 c4 23. axb5 axb5 24. b4 c3 25.
Rb1 Qd5 26. Rff1 Qxg2+ 27. Kxg2 h5 28. Rfe1 Kf7 29. Rb3 Ke8 30. Kf2 Rc6 31. Rbb1 Kd7 32. Kg2 Nf8 33. e4 dxe3 34. Rxe3 Bd4 35. Re2 Ne6 36. Rbe1 Rd6 37. Kf1 Bf6 38. Re3 Nd4 39. Kg2 Nc6 40.
Kf3 Rd5 41. Rb1 Ra8 42. Ree1 e5 43. fxe5 Bxe5 44. Kg2 Nxa5 45.
bxa5 Rxa5 46. Rb3 Bd6 47. Nb1 b4 48. Kf3 Rd4 49. Rg1 Rg4 50.
Rg2 Rc5 51. Rg1 Rc8 52. Rg2 Ke6 53. Rg1 Kd5 54. Rg2 Ke5 0-1

[Event "US College Final 4-ch"]
[Site "New York"]
[Date "2015.03.29"]
[Round "3"]
[White "Nyzhnyk, Illya"]
[Black "Gorovets, Andrey"]
[Result "1/2-1/2"]
[ECO "A39"]
[WhiteElo "2622"]
[BlackElo "2518"]
[Annotator "Robot 3"]
[PlyCount "107"]
[EventDate "2015.??.??"]
[EventCountry "USA"]
[WhiteTeam "Webster University"]
[BlackTeam "Texas Tech University"]
[TimeControl "5400+30"]

1. d4 Nf6 2. Nf3 g6 3. g3 Bg7 4. Bg2 c5 5. O-O cxd4 6. Nxd4 Nc6 7. c4 O-O 8. Nc3 Nxd4 9. Qxd4 d6 10. Qd2 Be6 11. Bxb7 Rb8 12. Bd5 Nxd5 13. Nxd5 Bxd5 14. cxd5 Qd7 15. Rd1 Rfc8 16. Rb1 Qf5 17. Qd3 Rc2 18. Qxf5 gxf5 19. Kf1 Bxb2 20. Be3 Rb4 21. Rd2 Rc1+ 22. Rxc1 Bxc1 23. Rd4 Rxd4 24. Bxd4 a6 25. Ke1 e6 26. e3 Ba3 27. Kd2 e5 28.
Bc3 Kf8 29. Kd3 Ke7 30. Kc4 Kd7 31. h3 h5 32. Bb4 Bxb4 33. Kxb4 Kc7 34. Ka5 Kb7 35. f3 Ka7 36. Kb4 Kb6 37. Kc4 f6 38. Kb4 Kc7 39. Kc3 Kb6 40.
Kc4 Ka5 41. Kd3 Kb4 42. h4 Kc5 43. e4 fxe4+ 44. fxe4 f5 45. exf5 Kxd5 46. Ke3 e4 47. Kf4 e3 48. Kxe3 Ke5 49. f6 Kxf6 50. Kf4 a5 51. a4 Kg6 52.
g4 hxg4 53. Kxg4 Kh6 54. Kf5 1/2-1/2

[Event "US College Final 4-ch"]
[Site "New York"]
[Date "2015.03.29"]
[Round "3"]
[White "Moradiabadi, Elshan"]
[Black "Robson, Ray"]
[Result "1/2-1/2"]
[ECO "A16"]
[WhiteElo "2568"]
[BlackElo "2656"]
[Annotator "Robot 3"]
[PlyCount "30"]
[EventDate "2015.??.??"]
[EventCountry "USA"]
[WhiteTeam "Texas Tech University"]
[BlackTeam "Webster University"]
[TimeControl "5400+30"]

1. Nf3 Nf6 2. c4 g6 3. Nc3 d5 4. cxd5 Nxd5 5. e4 Nxc3 6. bxc3 Bg7 7. Be2 c5 8. O-O Nc6 9. Qa4 Bd7 10. Qa3 Qa5 11. Rd1 O-O 12. Rb1 Qxa3 13. Bxa3 b6 14. d4 Rfd8 15. dxc5 Bxc3 1/2-1/2